 Dungeon Crawl Stone Soup version 0.23.2-33-g5129a83184 (webtiles) character file.

Game seed: 15883094786785770818

137 FishyPogo the Chiller (level 4, 0/33 HPs)
             Began as a Demigod Ice Elementalist on July 21, 2019.
             Slain by a gnoll
             ... wielding a +0 flail
              (5 damage)
             ... on level 3 of the Dungeon.
             The game lasted 00:35:12 (2902 turns).

FishyPogo the Chiller (Demigod Ice Elementalist)    Turns: 2902, Time: 00:35:13

Health: 0/33       AC:  5    Str: 11    XL:     4   Next: 68%
Magic:  0/10       EV: 12    Int: 21    God:
Gold:   79         SH:  0    Dex: 16    Spells: 1/7 levels left

rFire    . . .     SeeInvis .   p - +0 war axe
rCold    . . .     Gourm    .   (no shield)
rNeg     + . .     Faith    .   k - +1 leather armour
rPois    .         Spirit   .   x - +0 helmet
rElec    .         Reflect  .   (no cloak)
rCorr    .         Harm     .   (no gloves)
MR       .....                  (no boots)
Stlth    ++........             (no amulet)
HPRegen  0.11/turn              b - ring of positive energy
MPRegen  0.12/turn              (no ring)

@: very slightly contaminated
A: high mp 1
a: no special abilities


You were on level 3 of the Dungeon.
You were not hungry.

You visited 1 branch of the dungeon, and saw 3 of its levels.

You collected 79 gold pieces.

Inventory:

Hand Weapons
 d - a +0 mace
 e - a +0 club
 f - a +0 hand axe
 h - a +0 club
 j - a +0 hand crossbow
 m - a +0 trident
 p - a +0 war axe (weapon)
 r - a +0 falchion
Missiles
 c - 18 bolts
 g - 63 stones
 n - 73 arrows
 o - 4 large rocks
 q - 3 tomahawks
 w - 9 poisoned needles (quivered)
Armour
 a - a +0 robe
 i - +0 fire dragon scales
 k - a +1 leather armour (worn)
 s - a +0 ring mail
 v - a cursed +0 leather armour
 x - a +0 helmet (worn)
Jewellery
 b - a ring of positive energy (left hand)
Scrolls
 l - a scroll of teleportation
 A - 2 scrolls of amnesia
 C - a scroll of remove curse
Potions
 u - a potion of berserk rage


   Skills:
 * Level 1.0(1.1) Axes
 - Level 0.2(0.7) Maces & Flails
 + Level 0.1 Armour
 * Level 2.3 Dodging
 + Level 2.0 Stealth
 - Level 0.2 Unarmed Combat
 * Level 2.4 Spellcasting
 + Level 1.1 Conjurations
 * Level 4.0 Ice Magic


You had one spell level left.
You knew the following spells:

 Your Spells              Type           Power        Failure   Level  Hunger
a - Freeze                Ice            ###.         3%          1    None
b - Throw Frost           Conj/Ice       ##....       10%         2    ##.....
c - Ozocubu's Armour      Chrm/Ice       ##......     24%         3    ###....

Your spell library contained the following spells:

 Spells                   Type           Power        Failure   Level  Hunger
 Throw Icicle             Conj/Ice       ##......     54%         4    ####...
 Summon Ice Beast         Ice/Summ       ##......     63%         4    ####...


Dungeon Overview and Level Annotations

Branches:
Dungeon (3/15)


Innate Abilities, Weirdness & Mutations

You have an increased reservoir of magic. (+10% MP)


Message History

The gnoll is almost dead.
The gnoll hits you with a +0 flail!
* * * LOW HITPOINT WARNING * * *
Casting: Freeze (safe; 3% risk of failure)
Confirm with . or Enter, or press ? or * to list all spells.
Aiming: Freeze (safe; 3% risk of failure)
Press: ? - help, Shift-Dir - straight line, f/p - gnoll
Aim: a gnoll, wielding a +0 flail (almost dead)
You miscast Freeze.
You are very lightly contaminated with residual magic.
A chill runs through your body. The gnoll misses you.
Casting: Freeze (safe; 3% risk of failure)
Confirm with . or Enter, or press ? or * to list all spells.
Aiming: Freeze (safe; 3% risk of failure)
Press: ? - help, Shift-Dir - straight line, f/p - gnoll
Aim: a gnoll, wielding a +0 flail (severely wounded)
You freeze the gnoll.
The gnoll is almost dead.
The gnoll hits you with a +0 flail.
You die...

......#.....og####...... .
..g......)..o........#. ..
#........#..g........#.
...#.........##...........
.............##...........
.............##...........
............#รท............
........#####...........[.
........)@................
###.....g............##...
....................####..
........#...........####..
........#.........)....)..
....#####.................
....#####................#
..............)...)...###
......................# #


You could see a gnoll.

Vanquished Creatures
  Natasha (twice) (D:2)
  A gnoll (D:3)
  An adder (D:3)
  2 worms (D:3)
  3 dart slugs
  2 leopard geckos
  5 orcs (D:3)
  3 giant cockroaches
  4 hobgoblins
  5 jackals (D:1)
  A kobold (D:3)
  A quokka (D:2)
  7 bats
  A frilled lizard (D:2)
  5 goblins
  8 rats
51 creatures vanquished.

Notes
Turn   | Place    | Note
-------+----------+-------------------------------------------
     0 | D:1      | FishyPogo the Demigod Ice Elementalist began the quest for
                  | the Orb.
     0 | D:1      | Reached XP level 1. HP: 14/14 MP: 5/5
   195 | D:1      | Reached skill level 3 in Ice Magic
   236 | D:1      | Reached XP level 2. HP: 18/20 MP: 1/7
   240 | D:1      | Learned a level 2 spell: Throw Frost
   935 | D:2      | Noticed Natasha
  1348 | D:2      | Reached XP level 3. HP: 26/26 MP: 5/8
  1353 | D:2      | Learned a level 3 spell: Ozocubu's Armour
  1465 | D:2      | Found a glowing silver altar of Zin.
  1658 | D:2      | Killed Natasha
  1658 | D:2      | Reached skill level 1 in Conjurations
  1905 | D:2      | Noticed Natasha
  1911 | D:2      | Killed Natasha
  1911 | D:2      | Reached XP level 4. HP: 33/33 MP: 0/10
  2174 | D:3      | Found a hazy altar of Hepliaklqana.
  2472 | D:3      | Reached skill level 4 in Ice Magic
  2708 | D:3      | Reached skill level 1 in Axes
  2902 | D:3      | Slain by a gnoll

Skill      XL: |  1  2  3  4 |
---------------+-------------+-----
Ice Magic      | 3 4 |  4.0
Spellcasting   | 2 |  2.4
Dodging        | 2 |  2.3
Stealth        | 2 |  2.0
Conjurations   | 1 |  1.1
Axes           | 1 |  1.0
Maces & Flails | |  0.2
Armour         | |  0.1
Unarmed Combat | |  0.2

Action                   |  1- 3 |  4- 6 || total
-------------------------+-------+-------++-------
Melee: Mace              |    14 |       ||    14
       Unarmed           |    11 |       ||    11
       Hand axe          |     8 |       ||     8
       War axe           |     9 |    14 ||    23
 Cast: Freeze            |    20 |    11 ||    31
       Throw Frost       |    14 |    28 ||    42
       Ozocubu's Armour  |     1 |     1 ||     2
  Use: Scroll            |     7 |     3 ||    10
       Potion            |       |     2 ||     2
 Stab: Sleeping          |     1 |       ||     1
  Eat: Ration            |     1 |     2 ||     3
Armor: Robe              |    20 |     4 ||    24
       Leather armour    |       |     2 ||     2
Dodge: Dodged            |    40 |    20 ||    60
